 Dungeon Sprint DCSS version 0.18.1-8-gdd0e5ea (webtiles) character file.

1531 pipel the Fighter (level 8, -8/90 HPs)
             Began as a Gargoyle Skald on May 21, 2016.
             Was a Priest of Okawaru.
             Mangled by a death knight
             ... wielding a +0 great sword
              (17 damage)
             ... in the Dungeon (Sprint IX: "|||||||||||||||||||||||||||||").
             The game lasted 00:04:03 (359 turns).

pipel the Fighter (Gargoyle Skald)                   Turns: 359, Time: 00:04:03

Health: -8/90      AC: 15    Str: 22    XL:     8   Next: 85%
Magic:  4/13       EV: 16    Int: 14    God:    Okawaru [***...]
Gold:   0          SH:  0    Dex: 12    Spells: 2 memorised, 10 levels left

rFire  . . .     SeeInvis .     a - +2 dire flail (crush)
rCold  . . .     Gourm    .     s - +2 ring mail
rNeg   + . .     Faith    .     (shield currently unavailable)
rPois  ∞         Spirit   .     (no helmet)
rElec  +         Dismiss  .     (no cloak)
rCorr  .         Reflect  .     (no gloves)
SustAt .         Harm     .     r - +0 pair of boots
MR     .....     NoTele   +     (no amulet)
Stlth  ..........               u - +3 ring of dexterity
                                t - +2 ring of evasion

@: berserking (expiring), very slightly contaminated, very quick, not resistant
to hostile enchantments, extremely unstealthy
A: negative energy resistance 1, electricity resistance, unbreathing,
petrification resistance, rot immunity, AC +5
a: Heroism, Renounce Religion


You were in the Dungeon.
You worshipped Okawaru.
Okawaru was most pleased with you.
You were not hungry.

You visited 1 branch

Inventory:

Hand Weapons
 a - a +2 dire flail of crushing (weapon)
 q - a +0 mace
Armour
 p - a +0 leather armour
 r - a +0 pair of boots (worn)
 s - a +2 ring mail (worn)
Magical Staves
 b - an uncursed staff of energy
Jewellery
 t - a +2 ring of evasion (left hand)
 u - a +3 ring of dexterity (right hand)
Wands
 o - a wand of iceblast (6/15)
Scrolls
 j - a scroll of blinking
 m - 3 scrolls of remove curse
 n - 2 scrolls of amnesia
Potions
 e - 5 potions of curing
 h - 4 potions of magic
Books
 c - a book of Battle

   Spells                             Type                      Level
   a - Infusion                       Charms                       1
   b - Shroud of Golubria             Charms/Translocation         2
   c - Song of Slaying                Charms                       2
   d - Spectral Weapon                Hexes/Charms                 3
   e - Regeneration                   Charms/Necromancy            3
Comestibles
 d - a bread ration
 k - 3 chunks of flesh


   Skills:
 + Level 11.1 Fighting
 + Level 10.5 Maces & Flails
 + Level 7.5 Armour
 + Level 6.6 Dodging
 + Level 2.8 Stealth
 - Level 3.5 Spellcasting
 - Level 5.1 Charms
 - Level 1.3 Necromancy
 + Level 1.9 Invocations
 + Level 1.5 Evocations


You had 10 spell levels left.
You knew the following spells:

 Your Spells              Type           Power        Failure   Level  Hunger
a - Infusion              Chrm           ###.         3%          1    #......
r - Regeneration          Chrm/Necr      ##........   24%         3    ###....


Dungeon Overview and Level Annotations

Branches:
Dungeon (1/1)

Altars:
Cheibriados
Dithmenos
Elyvilon
Fedhas
Gozag
Kikubaaqudgha
Makhleb
Nemelex Xobeh
Okawaru
Pakellas
Qazlal
Ru
Sif Muna
Trog
Vehumet
Xom
Yredelemnul
Zin
The Shining One
Beogh
Jiyva
Lugonu


Innate Abilities, Weirdness & Mutations

You are resistant to torment.
Your stone body is resilient (AC +5).
You are immune to poison.
You resist negative energy.
You are resistant to electric shocks.
You can survive without breathing.
You are immune to petrification.
You are immune to rotting.


Message History

Your Dodging skill increases to level 6!
Your Evocations skill increases to level 1!
The death knight offers itself to Yredelemnul, and fills with unholy energy.
The death knight hits you with a great sword.
* * * LOW HITPOINT WARNING * * *
You see here a short sword.
You take 5 damage, and have 11/90 hp.
You closely miss the death knight.
The death knight is lightly wounded.
You hit the death knight.
The death knight is lightly wounded.
Your damage is reflected back at you!
* * * LOW HITPOINT WARNING * * *
You take 2 damage, and have 9/90 hp.
You hit the death knight.
The death knight is lightly wounded.
Your damage is reflected back at you!
* * * LOW HITPOINT WARNING * * *
The death knight hits you with a great sword!
You die... ▓▓▓▓▓▓▓▓▓▓▓▓▓▓▓▓▓▓▓▓▓▓▓▓▓▓▓▓▓▓▓▓ ▓<..)'.....)..p@.'______________ ▓▓▓▓▓▓▓▓▓▓▓▓▓▓▓▓▓▓▓▓▓▓▓▓▓▓▓▓▓▓▓▓

You could see a death knight.

Vanquished Creatures
  A skeletal warrior (D)
  A hill giant (D)
  A wraith (D)
  A wyvern (D)
  A yak (D)
  An orc warrior (D)
  A scorpion (D)
  2 adders (D)
  An adder skeleton (D)
  An orc (D)
  A giant cockroach (D)
  A hobgoblin (D)
  A quokka (D)
  2 giant newts (D)
  2 rats (D)
18 creatures vanquished.

Notes
Turn   | Place    | Note
--------------------------------------------------------------
     0 | D        | pipel the Gargoyle Skald began the quest for the Orb.
     0 | D        | Reached XP level 1. HP: 12/12 MP: 3/3
    25 | D        | Noticed a scorpion
    34 | D        | Reached XP level 2. HP: 17/18 MP: 0/5
    52 | D        | Killed a scorpion
    52 | D        | Reached skill level 3 in Fighting
    52 | D        | Reached skill level 1 in Dodging
    52 | D        | Reached skill level 5 in Charms
    52 | D        | Reached XP level 3. HP: 9/24 MP: 1/8
    52 | D        | Reached XP level 4. HP: 10/29 MP: 1/9
    63 | D        | Learned a level 3 spell: Regeneration
    69 | D        | Found a glowing silver altar of Zin.
    69 | D        | Found a glowing golden altar of the Shining One.
    69 | D        | Found an ancient bone altar of Kikubaaqudgha.
    69 | D        | Found a basalt altar of Yredelemnul.
    69 | D        | Found a shimmering altar of Xom.
    69 | D        | Found a radiant altar of Vehumet.
    70 | D        | Found an iron altar of Okawaru.
    71 | D        | Found a burning altar of Makhleb.
    72 | D        | Found a deep blue altar of Sif Muna.
    73 | D        | Found a bloodstained altar of Trog.
    74 | D        | Found a sparkling altar of Nemelex Xobeh.
    75 | D        | Found a white marble altar of Elyvilon.
    76 | D        | Found a roughly hewn altar of Beogh.
    77 | D        | Found a viscous altar of Jiyva.
    78 | D        | Became a worshipper of Warmaster Okawaru
    79 | D        | Found a corrupted altar of Lugonu.
    80 | D        | Found a blossoming altar of Fedhas.
    81 | D        | Found a snail-covered altar of Cheibriados.
    82 | D        | Found a shadowy altar of Dithmenos.
    83 | D        | Found a stormy altar of Qazlal.
    84 | D        | Found an opulent altar of Gozag.
    85 | D        | Found a sacrificial altar of Ru.
    86 | D        | Found an oddly glowing altar of Pakellas.
   167 | D        | Noticed a wyvern
   167 | D        | Noticed a yak
   167 | D        | Noticed a hill giant
   167 | D        | Noticed an orc warrior
   169 | D        | Reached skill level 4 in Fighting
   177 | D        | Killed a wyvern
   177 | D        | Reached * piety under Okawaru
   177 | D        | Reached skill level 6 in Fighting
   177 | D        | Reached skill level 1 in Necromancy
   177 | D        | Reached XP level 5. HP: 22/37 MP: 3/10
   177 | D        | Reached XP level 6. HP: 25/42 MP: 3/11
   186 | D        | Killed a yak
   186 | D        | Reached skill level 8 in Fighting
   186 | D        | Reached skill level 5 in Armour
   186 | D        | Reached skill level 1 in Stealth
   193 | D        | Killed a hill giant
   193 | D        | Reached ** piety under Okawaru
   193 | D        | Reached skill level 9 in Fighting
   193 | D        | Reached skill level 5 in Dodging
   193 | D        | Reached skill level 1 in Invocations
   193 | D        | Reached XP level 7. HP: 41/52 MP: 0/12
   221 | D        | Reached skill level 10 in Fighting
   221 | D        | Reached XP level 8. HP: 32/57 MP: 3/13
   248 | D        | Noticed a wraith
   248 | D        | Noticed a death knight
   248 | D        | Noticed a skeletal warrior
   258 | D        | Killed a wraith
   258 | D        | Reached *** piety under Okawaru
   355 | D        | Killed a skeletal warrior
   355 | D        | Reached skill level 11 in Fighting
   355 | D        | Reached skill level 10 in Maces & Flails
   355 | D        | Reached skill level 1 in Evocations
   359 | D        | Mangled by a death knight

Skill      XL: |  1  2  3  4  5  6  7  8 |
---------------+-------------------------+-----
Charms         | 3 5 |  5.1
Fighting       | 3 6 9 10 11 | 11.1
Maces & Flails | 3 6 9 10 | 10.5
Dodging        | 1 3 5 6 |  6.6
Spellcasting   | 3 |  3.5
Armour         | 4 6 7 |  7.5
Necromancy     | 1 |  1.3
Stealth        | 2 |  2.8
Invocations    | 1 |  1.9
Evocations     | 1 |  1.5

Action                   |  1- 3 |  4- 6 |  7- 9 || total
-------------------------+-------+-------+-------++-------
Melee: Mace              |    36 |     5 |       ||    41
       Dire flail        |       |    23 |    42 ||    65
 Cast: Infusion          |     1 |     1 |       ||     2
       Regeneration      |       |     1 |     3 ||     4
Invok: Heroism           |       |     1 |       ||     1
Evoke: Staff of energy   |       |       |     5 ||     5
       Wand              |       |       |     1 ||     1
  Use: Potion            |     1 |     1 |     4 ||     6
       Scroll            |       |       |     1 ||     1
Armor: Leather armour    |    15 |     3 |       ||    18
       Ring mail         |       |     9 |     4 ||    13
Dodge: Dodged            |    18 |    10 |    12 ||    40
